MLB
SAN FRANCISCO GIANTS @ SAN DIEGO PADRES
07/03/2099
 
TOP OF THE 1ST
San Francisco Giants batting - Pitching for San Diego Padres : RHP Ben Memon
Pitching: RHP Ben Memon
Batting: RHB Erik Mulloy 0-0: Swinging Strike
0-1: Ground out 1-3 (Groundball, 34S, EV 62.5 MPH)
Batting: RHB Masataka Kato 0-0: Called Strike
0-1: Called Strike
0-2: Ball
1-2: Strikes out swinging
Batting: LHB Daniel Cipolla 0-0: Ball
1-0: Fly out, F8 (Flyball, 8LXD, EV 98.8 MPH)
Top of the 1st over - 0 runs, 0 hits, 0 errors, 0 left on base; San Francisco 0 - San Diego 0
BOTTOM OF THE 1ST
San Diego Padres batting - Pitching for San Francisco Giants : RHP Steve Deemer
Pitching: RHP Steve Deemer
Batting: RHB Alfredo Beltran 0-0: Swinging Strike
0-1: DOUBLE (Flyball, 8RXD, EV 94.4 MPH)
Batting: LHB Joel Sherlock 0-0: Ball
1-0: Swinging Strike
1-1: Foul Ball, location: 25FF
1-2: Foul Ball, location: 3F
1-2: Ball
2-2: Fly out, F6 (Popup, 56, EV 53.1 MPH)
Batting: RHB Jose Barillas 0-0: Foul Ball, location: 3F
0-1: Ball
1-1: Called Strike
1-2: Ball
2-2: SINGLE (Line Drive, 6D, EV 105.6 MPH)
Alfredo Beltran to third
Runner from 3rd tries for Home, SAFE, throw by CF to home
Batting: RHB Tony Woody 0-0: Ball
Jose Barillas steals 2nd base
1-0: Foul Ball, location: 5F
1-1: Ball
2-1: Foul Ball, location: 2F
2-2: Fly out, F7 (Flyball, 78XD, EV 83.1 MPH)
Runner from 2nd tags up, SAFE at 3rd, no throw by LF
Batting: RHB Chris Santos 0-0: Called Strike
0-1: Ball
1-1: Foul Ball, location: 5F
1-2: Ground out 4-3 (Groundball, 4, EV 107.5 MPH)
Bottom of the 1st over - 1 run, 2 hits, 0 errors, 1 left on base; San Francisco 0 - San Diego 1
TOP OF THE 2ND
San Francisco Giants batting - Pitching for San Diego Padres : RHP Ben Memon
Batting: LHB Eric Plaunt 0-0: Foul Ball, location: 2RF
0-1: Swinging Strike
0-2: Ball
1-2: Ball
2-2: Ball
3-2: Base on Balls
Batting: LHB Kevin Shaw 0-0: Ball
1-0: Called Strike
1-1: Ball
2-1: Foul Ball, location: 2F
2-2: Fielders Choice at 2nd, 3-6 (Groundball, 3, EV 102.5 MPH)
Batting: LHB Marcos Iniguez 0-0: Ball
1-0: Ball
2-0: Ball
3-0: Base on Balls
Kevin Shaw to second
Batting: LHB Ernesto Pelayo 0-0: SINGLE (Groundball, 34D, EV 103.1 MPH)
Kevin Shaw to third
Marcos Iniguez to second
Runner from 3rd tries for Home, SAFE, throw by RF to home
Batting: RHB Kevin Mosemann 0-0: Ball
1-0: Swinging Strike
1-1: Ball
2-1: Swinging Strike
2-2: Strikes out looking
Batting: RHB Dave Melton 0-0: Ball
1-0: DOUBLE (Line Drive, 7LM, EV 107.5 MPH)
Marcos Iniguez scores
Ernesto Pelayo to third
Pitching: RHP Jamal Grasty
Batting: RHB Erik Mulloy 0-0: DOUBLE (Flyball, 78D, EV 107.5 MPH)
Ernesto Pelayo scores
Dave Melton scores
Batting: RHB Masataka Kato 0-0: Ball
1-0: Foul Ball, location: 5FF
1-1: 2-RUN HOME RUN (Flyball, 9D, EV 98.8 MPH), Distance : 360 ft
Batting: LHB Daniel Cipolla 0-0: Called Strike
0-1: Ball
1-1: Swinging Strike
1-2: Strikes out swinging
Top of the 2nd over - 6 runs, 4 hits, 0 errors, 0 left on base; San Francisco 6 - San Diego 1
BOTTOM OF THE 2ND
San Diego Padres batting - Pitching for San Francisco Giants : RHP Steve Deemer
Batting: RHB Maxwell Judson 0-0: Ball
1-0: Foul Ball, location: 2F
1-1: Swinging Strike
1-2: Ball
2-2: Foul Ball, location: 5F
2-2: Foul Ball, location: 2F
2-2: Ball
3-2: Foul Ball, location: 9LMF
3-2: Foul Ball, location: 7LMFF
3-2: Ground out 6-3 (Groundball, 6, EV 106.3 MPH)
Batting: LHB R.J. Correll 0-0: Called Strike
0-1: Ball
1-1: Ball
2-1: Foul Ball, location: 5F
2-2: Ball
3-2: Base on Balls
Batting: LHB Eric Schoonover 0-0: SINGLE (Line Drive, 8LS, EV 95.0 MPH)
R.J. Correll to second
Batting: RHB Bill Carlisle 0-0: Called Strike
0-1: Ground out 6-3 (Groundball, 6S, EV 65.0 MPH)
R.J. Correll to third
Eric Schoonover to second
Batting: RHB Alfredo Beltran 0-0: Called Strike
0-1: Swinging Strike
0-2: Strikes out swinging
Bottom of the 2nd over - 0 runs, 1 hit, 0 errors, 2 left on base; San Francisco 6 - San Diego 1
TOP OF THE 3RD
San Francisco Giants batting - Pitching for San Diego Padres : RHP Jamal Grasty
Batting: LHB Eric Plaunt 0-0: Swinging Strike
0-1: Called Strike
0-2: DOUBLE (Groundball, 3L, EV 93.8 MPH)
Batting: LHB Kevin Shaw 0-0: Ball
1-0: Fly out, F7 (Flyball, 7, EV 98.8 MPH)
Batting: LHB Marcos Iniguez 0-0: Called Strike
0-1: Ball
1-1: Called Strike
1-2: Foul Ball, location: 3FF
1-2: Foul Ball, location: 2F
1-2: SINGLE (Groundball, 4MD, EV 104.4 MPH)
Eric Plaunt to third
Batting: LHB Ernesto Pelayo 0-0: Swinging Strike
0-1: Foul Ball, location: 2F
0-2: Foul Ball, location: 9LDF
0-2: Foul Ball, location: 5F
0-2: Ball
1-2: Ball
2-2: Strikes out swinging
Batting: RHB Kevin Mosemann 0-0: Ball
1-0: Foul Ball, location: 9LSF
1-1: Ground out 4-3 (Groundball, 4, EV 78.8 MPH)
Top of the 3rd over - 0 runs, 2 hits, 0 errors, 2 left on base; San Francisco 6 - San Diego 1
BOTTOM OF THE 3RD
San Diego Padres batting - Pitching for San Francisco Giants : RHP Steve Deemer
Batting: LHB Joel Sherlock 0-0: Ball
1-0: Fly out, F8 (Flyball, 8RM, EV 89.4 MPH)
Batting: RHB Jose Barillas 0-0: Called Strike
0-1: Swinging Strike
0-2: Ground out 4-3 (Groundball, 4, EV 80.0 MPH)
Batting: RHB Tony Woody 0-0: Ball
1-0: Fly out, F3 (Popup, 3SF, EV 78.8 MPH)
Bottom of the 3rd over - 0 runs, 0 hits, 0 errors, 0 left on base; San Francisco 6 - San Diego 1
TOP OF THE 4TH
San Francisco Giants batting - Pitching for San Diego Padres : RHP Jamal Grasty
Batting: RHB Dave Melton 0-0: Called Strike
0-1: Swinging Strike
0-2: Ball
1-2: Foul Ball, location: 9LMF
1-2: Strikes out swinging
Pitching: RHP Danny Ahlers
Batting: RHB Erik Mulloy 0-0: Ball
1-0: Called Strike
1-1: Called Strike
1-2: Fly out, F9 (Flyball, 89M, EV 83.8 MPH)
Batting: RHB Masataka Kato 0-0: Called Strike
0-1: Ball
1-1: Swinging Strike
1-2: Ball
2-2: SOLO HOME RUN (Flyball, 89XD, EV 101.3 MPH), Distance : 404 ft
Batting: LHB Daniel Cipolla 0-0: Ball
1-0: Called Strike
1-1: Swinging Strike
1-2: Fly out, F7 (Flyball, 7S, EV 89.4 MPH)
Top of the 4th over - 1 run, 1 hit, 0 errors, 0 left on base; San Francisco 7 - San Diego 1
BOTTOM OF THE 4TH
San Diego Padres batting - Pitching for San Francisco Giants : RHP Steve Deemer
Batting: RHB Chris Santos 0-0: Ball
1-0: Swinging Strike
1-1: Ball
2-1: Foul Ball, location: 23FF
2-2: Ball
3-2: Strikes out looking
Batting: RHB Maxwell Judson 0-0: Ball
1-0: Ball
2-0: Ball
3-0: Base on Balls
Batting: LHB R.J. Correll 0-0: Ball
1-0: Called Strike
1-1: Ball
2-1: Ball
3-1: Foul Ball, location: 7LDF
3-2: Base on Balls
Maxwell Judson to second
Batting: LHB Eric Schoonover 0-0: Ball
1-0: DOUBLE (Line Drive, 78XD, EV 106.9 MPH)
Maxwell Judson scores
R.J. Correll to third
Runner from 3rd tries for Home, SAFE, throw by CF to trailing runner, OUT at third! 8-3-5
Batting: RHB Bill Carlisle 0-0: Ball
1-0: Ball
2-0: Ball
3-0: Called Strike
3-1: Foul Ball, location: 2F
3-2: Foul Ball, location: 9LDF
3-2: Foul Ball, location: 2F
3-2: SINGLE (Groundball, 4MD, EV 105.6 MPH)
Batting: RHB Alfredo Beltran 0-0: Foul Ball, location: 2F
0-1: Ball
1-1: Foul Ball, location: 3F
1-2: Foul Ball, location: 2F
1-2: Ball
2-2: 2-RUN HOME RUN (Flyball, 89XD, EV 108.1 MPH), Distance : 408 ft
Pitching: LHP Max Camarena
Batting: LHB Joel Sherlock 0-0: Ball
1-0: Called Strike
1-1: Swinging Strike
1-2: Foul Ball, location: 2F
1-2: Strikes out looking
Bottom of the 4th over - 4 runs, 3 hits, 0 errors, 0 left on base; San Francisco 7 - San Diego 5
TOP OF THE 5TH
San Francisco Giants batting - Pitching for San Diego Padres : RHP Danny Ahlers
Batting: LHB Eric Plaunt 0-0: Called Strike
0-1: Ball
1-1: Swinging Strike
1-2: Ball
2-2: Foul Ball, location: 9LSFF
2-2: Foul Ball, location: 5FF
2-2: Strikes out swinging
Batting: LHB Kevin Shaw 0-0: Ball
1-0: Swinging Strike
1-1: Foul Ball, location: 9LDF
1-2: Foul Ball, location: 2LF
1-2: Foul Ball, location: 2F
1-2: Ball
2-2: Foul Ball, location: 5DF
2-2: DOUBLE (Line Drive, 7LS, EV 108.8 MPH)
Pitching: RHP Burke Rohrabaugh
Batting: LHB Marcos Iniguez 0-0: Swinging Strike
0-1: Foul Ball, location: 9LSF
0-2: Ball
1-2: SINGLE (Line Drive, 8LS, EV 86.9 MPH)
Kevin Shaw to third
Batting: LHB Ernesto Pelayo 0-0: Called Strike
0-1: Called Strike
0-2: Ball
1-2: Strikes out swinging
Batting: RHB Kevin Mosemann 0-0: Ball
1-0: Foul Ball, location: 7LMF
1-1: Called Strike
1-2: Foul Ball, location: 9LDF
1-2: Ball
2-2: Ball
3-2: Base on Balls
Marcos Iniguez to second
Batting: RHB Dave Melton 0-0: Swinging Strike
0-1: Ball
1-1: Foul Ball, location: 2F
1-2: Foul Ball, location: 7LDF
1-2: TRIPLE (Flyball, 89XD, EV 110.6 MPH)
Kevin Shaw scores
Marcos Iniguez scores
Kevin Mosemann scores
Batting: RHB Erik Mulloy 0-0: Called Strike
0-1: Foul Ball, location: 3F
0-2: Strikes out swinging
Top of the 5th over - 3 runs, 3 hits, 0 errors, 1 left on base; San Francisco 10 - San Diego 5
BOTTOM OF THE 5TH
San Diego Padres batting - Pitching for San Francisco Giants : LHP Max Camarena
Batting: RHB Jose Barillas 0-0: Called Strike
0-1: Ball
1-1: Foul Ball, location: 9LMF
1-2: Ball
2-2: Foul Ball, location: 25F
2-2: Foul Ball, location: 9LSF
2-2: Foul Ball, location: 7LMFF
2-2: Fly out, F8 (Flyball, 89M, EV 75.0 MPH)
Batting: RHB Tony Woody 0-0: Ball
1-0: Called Strike
1-1: Swinging Strike
1-2: Strikes out swinging
Batting: RHB Chris Santos 0-0: Called Strike
0-1: Swinging Strike
0-2: Ball
1-2: Ball
2-2: Fly out, F7 (Flyball, 7S, EV 94.4 MPH)
Bottom of the 5th over - 0 runs, 0 hits, 0 errors, 0 left on base; San Francisco 10 - San Diego 5
TOP OF THE 6TH
San Francisco Giants batting - Pitching for San Diego Padres : RHP Burke Rohrabaugh
Batting: RHB Masataka Kato 0-0: Swinging Strike
0-1: Ball
1-1: Foul Ball, location: 2F
1-2: Ball
2-2: Ball
3-2: Base on Balls
Batting: LHB Daniel Cipolla 0-0: Ball
1-0: Fly out, F9 (Flyball, 9D, EV 105.6 MPH)
Batting: LHB Eric Plaunt 0-0: Fly out, F7 (Flyball, 7D, EV 98.1 MPH)
Pitching: LHP Jorge Espino
Batting: LHB Kevin Shaw 0-0: DOUBLE (Line Drive, 7LS, EV 97.5 MPH)
Masataka Kato to third
Runner from 3rd tries for Home, SAFE, throw by LF to trailing runner, SAFE at third!
Batting: LHB Marcos Iniguez 0-0: Ball
1-0: Ball
2-0: Called Strike
2-1: Ball
3-1: Called Strike
3-2: 2-RUN HOME RUN (Flyball, 9LD, EV 100.6 MPH), Distance : 382 ft
Batting: LHB Ernesto Pelayo 0-0: Ball
1-0: Ball
2-0: Called Strike
2-1: SOLO HOME RUN (Flyball, 9D, EV 95.6 MPH), Distance : 362 ft
Batting: RHB Kevin Mosemann 0-0: Ball
1-0: Called Strike
1-1: Ball
2-1: Ball
3-1: Base on Balls
Batting: RHB Dave Melton 0-0: Ball
1-0: Called Strike
1-1: Foul Ball, location: 3FF
1-2: Ball
2-2: Foul Ball, location: 9LSF
2-2: Ball
3-2: Strikes out swinging
Top of the 6th over - 4 runs, 3 hits, 0 errors, 1 left on base; San Francisco 14 - San Diego 5
BOTTOM OF THE 6TH
San Diego Padres batting - Pitching for San Francisco Giants : LHP Max Camarena
Batting: RHB Maxwell Judson 0-0: Ball
1-0: Foul Ball, location: 2F
1-1: Swinging Strike
1-2: Strikes out swinging
Batting: LHB R.J. Correll 0-0: Ball
1-0: Ball
2-0: Called Strike
2-1: Ground out 6-3 (Groundball, 6, EV 82.5 MPH)
Batting: LHB Eric Schoonover 0-0: Called Strike
0-1: Foul Ball, location: 2F
0-2: Foul Ball, location: 7LSF
0-2: Strikes out swinging
Bottom of the 6th over - 0 runs, 0 hits, 0 errors, 0 left on base; San Francisco 14 - San Diego 5
TOP OF THE 7TH
San Francisco Giants batting - Pitching for San Diego Padres : LHP Jorge Espino
Batting: RHB Erik Mulloy 0-0: Called Strike
0-1: Fly out, F6 (Line Drive, 6, EV 65.6 MPH)
Batting: RHB Masataka Kato 0-0: Called Strike
0-1: Foul Ball, location: 9LDF
0-2: Foul Ball, location: 2F
0-2: Ball
1-2: Strikes out swinging
Batting: LHB Daniel Cipolla 0-0: Called Strike
0-1: Ball
1-1: Ball
2-1: Ground out U3 (Groundball, 3L, EV 88.1 MPH)
Top of the 7th over - 0 runs, 0 hits, 0 errors, 0 left on base; San Francisco 14 - San Diego 5
BOTTOM OF THE 7TH
San Diego Padres batting - Pitching for San Francisco Giants : LHP Max Camarena
Pitching: RHP Rick Rudd
Now at SS: Bryce Bissinger
Batting: RHB Bill Carlisle 0-0: Called Strike
0-1: Called Strike
0-2: Foul Ball, location: 2F
0-2: Foul Ball, location: 2F
0-2: Ball
1-2: Foul Ball, location: 9LMF
1-2: DOUBLE (Line Drive, 78XD, EV 103.8 MPH)
Batting: RHB Alfredo Beltran 0-0: Foul Ball, location: 2F
0-1: Ball
1-1: Ball
2-1: DOUBLE (Line Drive, 8RXD, EV 100.0 MPH)
Bill Carlisle scores
Batting: LHB Joel Sherlock 0-0: Ball
1-0: Fly out, F8 (Line Drive, 8LM, EV 99.4 MPH)
Batting: RHB Jose Barillas 0-0: Ball
1-0: Ball
2-0: Foul Ball, location: 2F
2-1: Called Strike
2-2: Strikes out looking
Batting: RHB Tony Woody 0-0: Ball
1-0: 2-RUN HOME RUN (Flyball, 7D, EV 100.6 MPH), Distance : 364 ft
Pitching: RHP Randy Misener
Batting: RHB Chris Santos 0-0: Foul Ball, location: 2F
0-1: Swinging Strike
0-2: Strikes out looking
Bottom of the 7th over - 3 runs, 3 hits, 0 errors, 0 left on base; San Francisco 14 - San Diego 8
TOP OF THE 8TH
San Francisco Giants batting - Pitching for San Diego Padres : LHP Jorge Espino
Pitching: LHP Lorenzo Cabrera
Batting: LHB Eric Plaunt 0-0: Foul Ball, location: 2F
0-1: Foul Ball, location: 7LSF
0-2: Foul Ball, location: 2F
0-2: Ball
1-2: SINGLE (Line Drive, 8RS, EV 86.3 MPH)
Batting: LHB Kevin Shaw 0-0: Ball
1-0: Fly out, F8 (Flyball, 8RXD, EV 92.5 MPH)
Batting: LHB Marcos Iniguez 0-0: Ball
1-0: Foul Ball, location: 7LDF
1-1: Ball
2-1: Swinging Strike
2-2: Ball
3-2: Strikes out swinging
Batting: LHB Ernesto Pelayo 0-0: Foul Ball, location: 3F
0-1: Ball
1-1: Foul Ball, location: 7LSF
1-2: Foul Ball, location: 3FF
1-2: Ball
2-2: Ball
3-2: SINGLE (Groundball, 6MS, EV 73.1 MPH) (infield hit)
Eric Plaunt to second
Batting: LHB Bryce Bissinger 0-0: Called Strike
0-1: Ball
1-1: Swinging Strike
1-2: Strikes out swinging
Top of the 8th over - 0 runs, 2 hits, 0 errors, 2 left on base; San Francisco 14 - San Diego 8
BOTTOM OF THE 8TH
San Diego Padres batting - Pitching for San Francisco Giants : RHP Randy Misener
Batting: RHB Maxwell Judson 0-0: Ball
1-0: Ball
2-0: Called Strike
2-1: Foul Ball, location: 7LSFF
2-2: Ball
3-2: Strikes out swinging
Batting: LHB R.J. Correll 0-0: Ball
1-0: Ball
2-0: Swinging Strike
2-1: SINGLE (Groundball, 4D, EV 107.5 MPH)
Batting: LHB Eric Schoonover 0-0: Swinging Strike
R.J. Correll steals 2nd base
0-1: Ball
1-1: Ball
2-1: Ball
3-1: Base on Balls
Batting: RHB Bill Carlisle 0-0: Ball
1-0: Ball
2-0: Ball
3-0: Called Strike
3-1: Base on Balls
R.J. Correll to third
Eric Schoonover to second
Batting: RHB Alfredo Beltran 0-0: Swinging Strike
0-1: Grounds into fielders choice 6-2 (Groundball, 56, EV 107.5 MPH)
Eric Schoonover to third
Bill Carlisle to second
Batting: LHB Joel Sherlock 0-0: Fly out, F7 (Flyball, 7S, EV 78.1 MPH)
Bottom of the 8th over - 0 runs, 1 hit, 0 errors, 3 left on base; San Francisco 14 - San Diego 8
TOP OF THE 9TH
San Francisco Giants batting - Pitching for San Diego Padres : LHP Lorenzo Cabrera
Batting: RHB Dave Melton 0-0: Called Strike
0-1: Called Strike
0-2: SINGLE (Line Drive, 3D, EV 100.0 MPH)
Batting: RHB Erik Mulloy 0-0: Ball
1-0: Called Strike
1-1: Ball
2-1: Foul Ball, location: 3SF
2-2: Strikes out swinging
Pitching: RHP Jim Vickery
Batting: RHB Masataka Kato 0-0: Foul Ball, location: 5F
0-1: Swinging Strike
0-2: Ball
1-2: Strikes out swinging
Batting: LHB Daniel Cipolla 0-0: Ball
Passed Ball!
Dave Melton to second
1-0: Foul Ball, location: 2LF
1-1: Called Strike
1-2: Ball
2-2: Ball
3-2: Foul Ball, location: 2F
3-2: Strikes out swinging
Top of the 9th over - 0 runs, 1 hit, 0 errors, 1 left on base; San Francisco 14 - San Diego 8
BOTTOM OF THE 9TH
San Diego Padres batting - Pitching for San Francisco Giants : RHP Randy Misener
Pitching: RHP Drew Goodwin
Now at C: Ben Presley
Batting: RHB Jose Barillas 0-0: Ball
1-0: Ball
2-0: Ball
3-0: SINGLE (Flyball, 3D, EV 92.5 MPH)
Batting: RHB Tony Woody 0-0: Called Strike
0-1: Foul Ball, location: 25FF
0-2: Strikes out swinging
Batting: RHB Chris Santos 0-0: Foul Ball, location: 3FF
0-1: Called Strike
0-2: Ball
1-2: Strikes out swinging
Batting: RHB Maxwell Judson 0-0: Called Strike
0-1: Ball
1-1: Ball
2-1: Foul Ball, location: 9LDF
2-2: Ball
3-2: Fly out, F7 (Flyball, 7D, EV 83.1 MPH)
Bottom of the 9th over - 0 runs, 1 hit, 0 errors, 1 left on base; San Francisco 14 - San Diego 8
Friday, May 10th , 2024 - OOTP Baseball 24.11 Build 85